 Dungeon Crawl Stone Soup version 0.29-a0-757-g358383bc75 (webtiles) character file.

Game seed: 6731645865155120656

14506 gobodom the Cleaver (level 11, -4/84 HPs)
             Began as a Demonspawn Gladiator on June 30, 2022.
             Was a High Priest of Cheibriados.
             Slain by a polar bear (10 damage)
             ... on level 1 of the Lair of Beasts.
             The game lasted 00:53:45 (12499 turns).

gobodom the Cleaver (Demonspawn Gladiator)         Turns: 12499, Time: 00:53:46

Health: -4/84      AC: 17    Str: 34    XL:     11   Next: 89%
Magic:  11/15      EV: 14    Int: 21    God:    Cheibriados [*****.]
Gold:   522        SH:  0    Dex: 27    Spells: 10/10 levels left

rFire   . . .      SeeInvis .   t - +2 hand axe (elec)
rCold   + . .      Faith    .   (no shield)
rNeg    + + +      Spirit   .   w - +0 chain mail of the Blizzard {+Inv rN+++ Will- Str+3}
rPois   .          Reflect  .   (helmet restricted)
rElec   .          Harm     .   O - +2 cloak
rCorr   +          Rampage  .   (no gloves)
Will    .....                   (no boots)
Stlth   +.........              (no amulet)
HPRegen 0.24/turn               k - ring of protection from cold
MPRegen 0.14/turn               D - ring of resist corrosion

@: lethally poisoned (-4 -> -22), very slow
A: antennae 2, thin metallic scales 2, foul stench 2, spiny 1, claws 1, sturdy
frame 1
a: Renounce Religion, Evoke Invisibility, Bend Time, Temporal Distortion,
Slouch, Step From Time


You were on level 1 of the Lair of Beasts.
You worshipped Cheibriados.
Cheibriados was extremely pleased with you.
You visited 2 branches of the dungeon, and saw 12 of its levels.
You also visited: Ossuary.

You collected 732 gold pieces.
You spent 210 gold pieces at shops.

Inventory:

Hand Weapons
 a - a +0 war axe
 t - a +2 hand axe of electrocution (weapon)
 W - a +4 hand axe
Missiles
 u - 5 poisoned darts (quivered)
 N - a curare-tipped dart
Armour
 i - a +2 robe of positive energy
 w - the +0 chain mail of the Blizzard (worn) {+Inv rN+++ Will- Str+3}
   (You found it on level 3 of the Dungeon)

   Str:       It affects your strength (+3).
   rN:        It renders you almost immune to negative energy.
   +Inv:      It lets you turn invisible.
   Will:      It decreases your willpower.
 O - a +2 cloak (worn)
 U - a +0 troll leather armour
Magical Staves
 b - a staff of poison
Jewellery
 h - a ring of fire
 k - a ring of protection from cold (left claw)
 r - a ring of fire
 v - a ring of poison resistance
 D - a ring of resist corrosion (right claw)
 F - a +6 ring of dexterity
 M - a ring of ice
Wands
 o - a wand of iceblast (7)
 K - a wand of polymorph (17)
 L - a wand of mindburst (8)
 P - a wand of light (1)
Scrolls
 e - a scroll of vulnerability {unknown}
 f - 2 scrolls of poison
 g - a scroll of summoning {unknown}
 l - 6 scrolls of amnesia
 q - 4 scrolls of teleportation
 s - 3 scrolls of immolation
 y - 2 scrolls of torment {unknown}
 A - 2 scrolls of magic mapping
 E - a scroll of acquirement {unknown}
 G - a scroll of enchant armour {unknown}
 I - a scroll of blinking {unknown}
 Q - a scroll of brand weapon {unknown}
 R - a scroll of silence {unknown}
 S - a scroll of fear {unknown}
 T - a scroll of fog
 X - a scroll of enchant weapon {unknown}
Potions
 c - a potion of haste {unknown}
 d - 2 potions of curing
 j - a potion of mutation
 m - a potion of berserk rage
 n - 2 potions of might {unknown}
 p - 5 potions of brilliance {unknown}
 x - 2 potions of lignification {unknown}
 z - a potion of flight {unknown}
 B - 2 potions of magic {unknown}
 C - 5 potions of resistance {unknown}
 H - 2 potions of attraction {unknown}
 J - 2 potions of ambrosia {unknown}
 V - a potion of cancellation {unknown}


   Skills:
 + Level 7.0 Fighting
 + Level 11.1(11.3) Axes
 + Level 3.0(7.7) Maces & Flails
 + Level 4.8 Throwing
 + Level 8.9 Armour
 + Level 4.6 Dodging
 + Level 4.0 Stealth
 + Level 6.2 Invocations
 + Level 2.0 Evocations


You had 10 spell levels left.
You didn't know any spells.
Your spell library contained the following spells:

 Spells                   Type           Power      Damage    Failure   Level
 Magic Dart               Conj           0%         1d3       41%         1
 Summon Small Mammal      Summ           0%         N/A       41%         1
 Poisonous Vapours        Pois/Air       0%         N/A       56%         2
 Searing Ray              Conj           0%         2d4       56%         2
 Sublimation of Blood     Necr           0%         N/A       56%         2
 Wereblood                Tmut           0%         N/A       56%         2
 Call Canine Familiar     Summ           0%         N/A       80%         3
 Conjure Flame            Conj/Fire      0%         6-21      80%         3
 Ignite Poison            Fire/Tmut/Pois 0%         N/A       80%         3
 Summon Guardian Golem    Hex/Summ       0%         N/A       80%         3
 Corpse Rot               Necr/Pois/Air  0%         N/A       99%         4
 Fulminant Prism          Conj/Hex       0%         3d6       99%         4
 Sticky Flame             Conj/Fire      0%         2d3       99%         4
 Summon Hydra             Summ           0%         N/A       100%        7


Dungeon Overview and Level Annotations

Branches:
Dungeon (11/15)            Temple (0/1) D:4            Lair (1/6) D:11
Ossuary (visited)
    Orc: D:9-12

Altars:
Ashenzari
Cheibriados
Dithmenos
Gozag
Qazlal
Sif Muna
Uskayaw
Wu Jian
Xom
Yredelemnul

Shops:
D:1 ?   D:2 (:   D:4 *=*   D:6 (


Innate Abilities, Weirdness & Mutations

You have a pair of antennae on your head.
You are mostly covered in thin metallic scales. (AC +3)
You sometimes emit foul miasma when damaged in melee.
You are partially covered in sharp spines.
You have sharp fingernails.
Your movements are slightly less encumbered by armour. (ER -2)


Message History

The orange demon stings you but does no damage.
Activating: Slouch (13% risk of failure)
Press: ? - help, Dir - look around, f - activate You can feel time thicken for a moment.
Cheibriados lowers the support of your attributes as your movement quickens.
You feel sick. The orange demon closely misses you.
The black bear is struck by your spines.
The black bear closely misses you. The black bear completely misses you.
The black bear closely misses you.
You hit the black bear.
The black bear is almost dead.
The orange demon closely misses you.
You hit the polar bear.
The polar bear is heavily wounded.
You feel sick.
The black bear goes berserk!
The orange demon barely misses you.
You hit the polar bear.
The polar bear is heavily wounded.
You slash the black bear!
You kill the black bear!
Cheibriados thoroughly appreciates the change of pace.
You slash the polar bear!
Lightning courses through the polar bear!
You kill the polar bear!
Cheibriados thoroughly appreciates the change of pace.
You feel sick. The orange demon stings you from afar.
* * * LOW HITPOINT WARNING * * *
You are lethally poisoned!
The orange demon poisons you!
* * * LOW HITPOINT WARNING * * *
You feel very sick.
The orange demon is struck by your spines.
The orange demon stings you but does no damage.
The orange demon hits you but does no damage.
The polar bear bites you!
* * * LOW HITPOINT WARNING * * *
The polar bear claws you but does no damage.
The polar bear closely misses you. The orange demon misses you.
The orange demon hits you but does no damage.
The polar bear bites you!
You die...

## .# ..#####. ....##..
## ######......#
#.##......##...# ###
#..##.....#.##.###.##
#.#......_..##......††.
#...†4@.....##......†<.
#....h#.........#####..
#..#...........#...# #..
.#.....#########.........
#..#.# #......... ##.##
#......... # #.........
#......... #........


You could see an orange demon and a polar bear.

Vanquished Creatures
  3 death yaks (D:11)
  A two-headed ogre (D:11)
  A deep elf pyromancer (D:11)
  Pikel (D:6)
  Joseph (D:9)
  An unseen horror (D:10)
  3 trolls
  3 polar bears (Lair:1)
  A dream sheep (D:9)
  Sigmund (D:3)
  A shadow (D:10)
  4 wyverns
  2 wraiths
  15 yaks
  2 steam dragons
  4 vampire mosquitoes (D:10)
  Menkaure (Ossuary)
  6 water moccasins
  3 orc warriors
  5 black bears
  2 sky beasts (D:7)
  3 ice beasts
  An ogre (D:6)
  4 centaurs
  A lemure (D:6)
  A kobold brigand (D:8)
  3 bullfrogs
  2 necrophages
  A gnoll sergeant (D:5)
  6 scorpions
  12 killer bees (D:9)
  4 howler monkeys
  4 hounds
  2 jellies
  2 gnoll shamans
  6 orc priests
  10 orc wizards
  3 iguanas
  A hell rat (D:11)
  3 mummies (Ossuary)
  10 gnolls
  12 adders
  A shadow imp (D:7)
  An ufetubus (D:5)
  3 worms
  2 dart slugs
  32 orcs
  6 endoplasms
  6 gnoll zombies (Ossuary)
  5 goblins
  8 hobgoblins
  10 jackals
  10 kobolds
  5 quokkas
  4 ball pythons
  6 bats
  5 frilled lizards
  3 gnoll skeletons (Ossuary)
  A goblin skeleton (Ossuary)
  5 goblin zombies (Ossuary)
  5 hobgoblin skeletons (Ossuary)
  A hobgoblin zombie (Ossuary)
  4 kobold skeletons (Ossuary)
  4 kobold zombies (Ossuary)
  3 orc skeletons (Ossuary)
  6 orc zombies (Ossuary)
  8 rats
  9 rat skeletons (Ossuary)
  3 rat zombies (Ossuary)
308 creatures vanquished.

Vanquished Creatures (others)
  Psyche (D:8)
  2 plants
3 creatures vanquished.

Grand Total: 311 creatures vanquished

Notes
Turn   | Place    | Note
-------+----------+-------------------------------------------
     0 | D:1      | gobodom the Demonspawn Gladiator began the quest for the
                  | Orb.
     0 | D:1      | Reached XP level 1. HP: 16/16 MP: 1/1
     7 | D:1      | You fall into a shaft and drop 1 floor!
     7 | D:2      | Found Duniew's Weapon Shoppe.
    42 | D:2      | Gained mutation: You may rarely emit foul miasma when
                  | damaged in melee. [demonic ancestry]
    42 | D:2      | Reached XP level 2. HP: 7/22 MP: 2/2
   714 | D:1      | Reached skill level 3 in Axes
   730 | D:1      | Found Huitz's Magic Scroll Shoppe.
   853 | D:1      | Bought a scroll of identify for 22 gold pieces
   939 | D:1      | Gained mutation: You are partially covered in thin metallic
                  | scales. (AC +2) [demonic ancestry]
   939 | D:1      | Reached XP level 3. HP: 27/27 MP: 3/3
  1207 | D:1      | Found a faded altar of an unknown god.
  1216 | D:1      | Prayed at the altar of an unknown god.
  1216 | D:1      | Became a worshipper of Cheibriados the Contemplative
  1216 | D:1      | Reached * piety under Cheibriados
  1637 | D:2      | Found Gagomoho's Book Shop.
  1870 | D:3      | Reached skill level 1 in Armour
  1870 | D:3      | Reached XP level 4. HP: 30/34 MP: 4/4
  2048 | D:3      | Noticed Sigmund
  2077 | D:3      | Reached skill level 1 in Stealth
  2095 | D:3      | Killed Sigmund
  2096 | D:3      | Gained mutation: You are partially covered in sharp spines.
                  | [demonic ancestry]
  2096 | D:3      | Reached XP level 5. HP: 21/41 MP: 1/5
  2096 | D:3      | Reached XP level 6. HP: 24/47 MP: 1/6
  2470 | D:3      | Identified the +0 chain mail of the Blizzard {+Inv rN+++
                  | Will- Str+3}
  2589 | D:3      | Reached ** piety under Cheibriados
  2910 | D:4      | Found Sezxuowaa's Jewellery Boutique.
  2973 | D:4      | Found a staircase to the Ecumenical Temple.
  3093 | D:4      | Found Fepety's Assorted Antiques.
  3165 | D:4      | Found a sand-covered staircase.
  3170 | Ossuary  | Entered an ossuary
  3238 | Ossuary  | Reached *** piety under Cheibriados
  3288 | Ossuary  | Reached skill level 4 in Axes
  3340 | Ossuary  | Gained mutation: You are mostly covered in thin metallic
                  | scales. (AC +3) [demonic ancestry]
  3340 | Ossuary  | Reached XP level 7. HP: 52/52 MP: 7/7
  3385 | Ossuary  | Reached **** piety under Cheibriados
  3406 | Ossuary  | Noticed Menkaure
  3413 | Ossuary  | Killed Menkaure
  3682 | D:4      | Found Efapot's Assorted Antiques.
  3690 | D:4      | Reached skill level 5 in Axes
  4061 | D:5      | Entered Level 5 of the Dungeon
  4227 | D:5      | Found a broken altar of Ashenzari.
  4321 | D:5      | Reached XP level 8. HP: 60/60 MP: 8/8
  4438 | D:5      | Found a hide-covered altar of Uskayaw.
  4451 | D:5      | Reached skill level 6 in Axes
  5027 | D:6      | Reached ***** piety under Cheibriados
  5039 | D:6      | Found a stormy altar of Qazlal.
  5051 | D:6      | Noticed an air elemental
  5162 | D:6      | Reached skill level 7 in Axes
  5175 | D:6      | Found a shimmering altar of Xom.
  5180 | D:6      | Gained mutation: You have a pair of small antennae on your
                  | head. [demonic ancestry]
  5180 | D:6      | Reached XP level 9. HP: 26/65 MP: 9/9
  5478 | D:6      | Reached skill level 5 in Armour
  5539 | D:6      | Noticed Pikel
  5548 | D:6      | Killed Pikel
  5549 | D:6      | Reached skill level 8 in Axes
  5653 | D:6      | Found a shadowy altar of Dithmenos.
  5853 | D:6      | Found Quple's Antique Weapon Shoppe.
  5863 | D:6      | Bought a runed war axe for 188 gold pieces
  5909 | D:6      | Found an ornate altar of the Wu Jian Council.
  5909 | D:6      | Found an opulent altar of Gozag.
  6124 | D:6      | Found a shimmering blue altar of Sif Muna.
  6315 | D:7      | Reached skill level 5 in Fighting
  6315 | D:7      | Reached skill level 1 in Invocations
  6501 | D:7      | Reached skill level 9 in Axes
  6540 | D:7      | Found a flagged portal.
  6747 | D:7      | Gained mutation: You sometimes emit foul miasma when
                  | damaged in melee. [demonic ancestry]
  6747 | D:7      | Reached XP level 10. HP: 74/74 MP: 11/11
  7325 | D:8      | Noticed Psyche
  7338 | D:8      | Killed Psyche
  8202 | D:8      | Gained mutation: Your spells are a little easier to cast,
                  | but a little less powerful. [potion of mutation]
  8203 | D:8      | Lost mutation: Your spells are a little easier to cast, but
                  | a little less powerful. [potion of mutation]
  8203 | D:8      | Gained mutation: Your movements are slightly less
                  | encumbered by armour. (ER -2) [potion of mutation]
  8203 | D:8      | Gained mutation: You have sharp fingernails. [potion of
                  | mutation]
  8466 | D:9      | Reached ****** piety under Cheibriados
  8842 | D:9      | Noticed Joseph
  8853 | D:9      | Killed Joseph
  8854 | D:9      | Reached skill level 10 in Axes
  9667 | D:10     | Entered Level 10 of the Dungeon
  9694 | D:10     | Gained mutation: You have a pair of antennae on your head.
                  | [demonic ancestry]
  9694 | D:10     | Reached XP level 11. HP: 18/81 MP: 11/14
 10072 | D:10     | Reached skill level 5 in Invocations
 11099 | D:11     | Noticed a death yak
 11120 | D:11     | Killed a death yak
 11534 | D:11     | Found a staircase to the Lair.
 11536 | D:11     | Noticed a death yak
 11537 | D:11     | Noticed a death yak
 11542 | D:11     | Noticed a two-headed ogre
 11558 | D:11     | Killed a death yak
 11564 | D:11     | Killed a two-headed ogre
 11565 | D:11     | Killed a death yak
 11566 | D:11     | Reached skill level 1 in Evocations
 11927 | D:11     | Noticed a deep elf pyromancer
 11943 | D:11     | Killed a deep elf pyromancer
 12403 | Lair:1   | Entered Level 1 of the Lair of Beasts
 12461 | Lair:1   | Found a basalt altar of Yredelemnul.
 12478 | Lair:1   | Reached skill level 11 in Axes
 12499 | Lair:1   | Slain by a polar bear

Illustrated notes

Levels and vault maps discovered:
D:1:      dpeg_arrival_connections, layout_rooms,
          dreamdust_ecumenical_altar_sealed_demon, serial_shops,
          nicolae_shop_trees, minmay_misc_feat_diagonals
D:2:      layout_loops_ring, serial_shops, nicolae_shop_stone,
          nicolae_lakefront_shop
D:3:      layout_loops_ring, palyth_stone_intersect, uniq_sigmund
D:4:      layout_cave_pods, minmay_temple_entry_large_hall, serial_shops,
          nicolae_shop_overgrown_old_shop, nicolae_shop_stone, shop,
          enter_ossuary_5, dk_noncrumbling_4
D:5:      layout_loops_ring, evilmike_ruin_ashenzari,
          nicolae_uskayaw_murder_on_the_dancefloor, uniq_menkaure
D:6:      layout_loops_ring, nicolae_qazlal_style_of_elements,
          xom_confusion_cloud, gammafunk_temple_overflow_statue,
          mainiacjoe_overflow_big_doors, serial_shops, nicolae_shop_waterfront,
          portal_sewer_entry_d, kennysheep_decorative_pillar, uniq_pikel
D:7:      layout_loops_ring, enter_bailey_2, patterned_corridor
D:8:      layout_loops_corners, uniq_psyche
D:9:      layout_long_grid, corexii_hall_statues_l, dreamdust_gnoll_shepherd,
          uniq_joseph
D:10:     layout_loops_corners
D:11:     layout_basic, dpeg_lair_monsters, kennysheep_path_1,
          grunt_decor_junction
Lair:1:   beast_lair_carwin_large_4, layout_cave_pods, basic_altar,
          nicolae_quartered_pool_little, uniq_amaemon

Skill      XL: |  1  2  3  4  5  6  7  8  9 10 11 |
---------------+----------------------------------+-----
Dodging        | 3 4 |  4.6
Axes           | 3 4 5 7 9 10 11 | 11.1
Armour         | 1 2 4 6 7 8 |  8.9
Throwing       | 2 3 4 |  4.8
Stealth        | 1 2 3 4 |  4.0
Fighting       | 3 4 5 6 7 |  7.0
Maces & Flails | 2 3 |  3.0
Invocations    | 2 4 6 |  6.2
Evocations     | 2 |  2.0

Action                   |  1- 3 |  4- 6 |  7- 9 | 10-12 || total
-------------------------+-------+-------+-------+-------++-------
Melee: War axe           |    92 |       |       |       ||    92
       Mace              |    15 |    53 |       |       ||    68
       Punch             |     2 |       |     4 |     1 ||     7
       Hand axe          |       |    82 |   262 |   250 ||   594
Throw: Throwing net      |     8 |       |       |     4 ||    12
       Javelin           |     6 |     2 |       |       ||     8
       Dart              |       |       |     9 |    36 ||    45
       Boomerang         |       |       |       |     1 ||     1
Invok: Bend Time         |       |     1 |       |     1 ||     2
       Slouch            |       |       |       |     7 ||     7
Evoke: Wand              |       |       |       |    13 ||    13
  Use: Scroll            |     4 |     2 |     1 |     4 ||    11
       Potion            |       |       |       |     3 ||     3
 Stab: Sleeping          |     1 |     3 |       |       ||     4
       Distracted        |       |     2 |       |       ||     2
       Held in net/web   |       |       |       |     5 ||     5
       Invisible         |       |       |       |     1 ||     1
Armor: Leather armour    |    44 |    17 |       |       ||    61
       Robe              |       |    28 |    10 |       ||    38
       Chain mail        |       |       |   113 |   130 ||   243
       Skin              |       |       |       |     5 ||     5
Dodge: Dodged            |    76 |    93 |   133 |   190 ||   492

Table legend: (Time is in decaauts)
 A = Elapsed time spent in this place.
 B = Non-inter-level travel time spent in this place.
 C = Inter-level travel time spent in this place.
 D = Time resting spent in this place.
 E = Time spent auto-exploring this place.
 F = Levels seen in this place.
 G = Mean time per level.
                   A        B        C        D        E       F      G
               +--------+--------+--------+--------+--------+-----+--------+
         Total |  18189 |  17438 |    751 |   1251 |  12650 |  13 | 1399.2 |
       Dungeon |  17565 |  16814 |    751 |   1251 |  12555 |  11 | 1596.8 |
          Lair |    104 |    104 |      0 |      0 |     20 |   1 |  104.0 |
       Ossuary |    519 |    519 |      0 |      0 |     74 |   1 |  519.0 |
               +--------+--------+--------+--------+--------+-----+--------+

Top non-repeatable levels by time:
    D:10: 2147 daAuts
     D:9: 2078 daAuts
    D:11: 1867 daAuts
     D:8: 1846 daAuts
     D:7: 1732 daAuts
     D:6: 1726 daAuts
     D:5: 1455 daAuts
     D:3: 1390 daAuts
     D:2: 1298 daAuts
     D:4: 1261 daAuts
     D:1: 759 daAuts
 Ossuary: 519 daAuts
  Lair:1: 104 daAuts
